[Event "Early-Titled-Tuesday-Blitz-March-26-2024"]
[Site "Chess.com"]
[Date "2024.03.26"]
[Round "1"]
[White "Knightmare1014"]
[Black "RandomNoob04"]
[Result "1-0"]
[WhiteElo "2335"]
[BlackElo "2630"]
[TimeControl "180+1"]
[EndTime "8:07:08 PDT"]
[Termination "Knightmare1014 won by resignation"]

1. e4 d5 2. exd5 Qxd5 3. Nc3 Qa5 4. d4 Nf6 5. Nf3 Bf5 6. Bc4 e6 7. Bd2 Bb4 8. Qe2 O-O 9. Ne5 Nbd7 10. O-O-O Nb6 11. Bb3 Nbd5 12. Nxd5 exd5 13. g4 Bxd2+ 14. Rxd2 Bg6 15. h4 h5 16. Nxg6 fxg6 17. gxh5 gxh5 18.
Rd3 Rae8 19. Re3 Ne4 20. Rxe4 Rd8 21. Re5 c6 22. Rxh5 Rf6 23. Qd3 Re8 24. c3 Qc7 25. Rg1 Qf4+ 26. Kb1 Re4 27. Rhg5 Re7 28. h5 Qxf2 29.
a3 Qh2 30. Bc2 Rh6 31. Qg3 Qxg3 32. R1xg3 Kf8 33. Bg6 Re1+ 34. Ka2 Rf1 35. Re3 Rf7 36. Bxf7 Kxf7 37. Rf3+ Rf6 38. Rxf6+ 1-0

[Event "Early-Titled-Tuesday-Blitz-March-26-2024"]
[Site "Chess.com"]
[Date "2024.03.26"]
[Round "1"]
[White "Msb2"]
[Black "Pedrada88"]
[Result "1-0"]
[WhiteElo "3033"]
[BlackElo "2535"]
[TimeControl "180+1"]
[EndTime "8:07:09 PDT"]
[Termination "Msb2 won by resignation"]

1. d4 d5 2. c4 e6 3. Nc3 Nf6 4. cxd5 exd5 5. Bg5 Be7 6. e3 c6 7. Bd3 O-O 8. h3 Nbd7 9. Qc2 h6 10. Bf4 Re8 11.
Nf3 Nf8 12. O-O Bd6 13. Ne5 Be6 14. Bg3 Rc8 15. f4 c5 16. Qf2 c4 17. Bc2 Qb6 18. f5 Bd7 19. Rab1 Qc7 20. Qf3 Bc6 21. Bf4 b5 22. a3 a5 23. a4 b4 24. Nb5 Bxb5 25. axb5 b3 26. Bd1 Ne4 27. Qe2 f6 28. Nc6 Bxf4 29. Rxf4 a4 30. Ra1 c3 31. Rxa4 c2 32.
Bxc2 Ng3 33. Qf2 bxc2 34. Ra1 Rxe3 35. Qxe3 Qxf4 36. Qxf4 Ne2+ 37. Kf1 Nxf4 38. Rc1 Nd7 39. Ne7+ Kf7 40. Nxc8 Nd3 41. Rxc2 g6 42. Rc7 Ke8 43. fxg6 1-0

[Event "Early-Titled-Tuesday-Blitz-March-26-2024"]
[Site "Chess.com"]
[Date "2024.03.26"]
[Round "1"]
[White "MatyChess1"]
[Black "leschebaza"]
[Result "1-0"]
[WhiteElo "2647"]
[BlackElo "2309"]
[TimeControl "180+1"]
[EndTime "8:07:09 PDT"]
[Termination "MatyChess1 won by checkmate"]

1. Nf3 Nf6 2. b3 g6 3. Bb2 Bg7 4. g3 O-O 5. Bg2 c5 6. c4 d5 7. cxd5 Qxd5 8. O-O Nc6 9. Ne5 Qd6 10. Nxc6 bxc6 11.
Na3 Ba6 12. Rc1 Rfd8 13. d3 Bh6 14. Nc4 Qe6 15. Rc2 Nd5 16. a3 Rab8 17. Na5 Rb5 18.
b4 cxb4 19. Nxc6 Rdb8 20. Bxd5 Rxd5 21. Nxb8 Bb7 22. e4 Rh5 23. Qf3 Qb3 24. Rfc1 bxa3 25. Rc8+ Bxc8 26. Rxc8+ Bf8 27. Bd4 a2 28. Nd7 f6 29.
Rxf8+ Kg7 30. Rxf6 exf6 31. Qxf6+ Kh6 32. Qf8+ Kg5 33.
Qf4# 1-0

[Event "Early-Titled-Tuesday-Blitz-March-26-2024"]
[Site "Chess.com"]
[Date "2024.03.26"]
[Round "1"]
[White "LeoWin2012"]
[Black "Kunalm64"]
[Result "0-1"]
[WhiteElo "2290"]
[BlackElo "2632"]
[TimeControl "180+1"]
[EndTime "8:07:09 PDT"]
[Termination "Kunalm64 won on time"]

1. e4 c6 2. d4 d5 3. exd5 cxd5 4. c4 Nf6 5. Nc3 Nc6 6. Nf3 Be6 7. cxd5 Bxd5 8.
Be3 e6 9. Bb5 Be7 10. O-O O-O 11.
Ne5 Rc8 12. Bd3 h6 13. Ne2 Be4 14. Bxe4 Nxe4 15. Nxc6 Rxc6 16. Qd3 Nf6 17. Nf4 Nd5 18.
Rac1 Nxf4 19. Bxf4 Qd5 20. Rxc6 bxc6 21. Qg3 g5 22. Be3 Qxa2 23. Qc7 Bf6 24. Qxc6 Qxb2 25. d5 exd5 26. Qxd5 Rd8 27. Qa5 Qe2 28. g3 Qf3 29. Qxa7 h5 30. Bb6 h4 0-1

[Event "Early-Titled-Tuesday-Blitz-March-26-2024"]
[Site "Chess.com"]
[Date "2024.03.26"]
[Round "1"]
[White "HajiyevKanan"]
[Black "DenLaz"]
[Result "0-1"]
[WhiteElo "2549"]
[BlackElo "3084"]
[TimeControl "180+1"]
[EndTime "8:07:10 PDT"]
[Termination "DenLaz won by resignation"]

1. d4 f5 2. Nf3 Nf6 3. g3 g6 4. Bg2 Bg7 5. O-O O-O 6. b3 d6 7.
Bb2 c6 8. Nbd2 Na6 9. c4 Qe8 10. Qc2 Kh8 11. a3 h6 12. Rfe1 g5 13. h4 g4 14. Nh2 e5 15. c5 dxc5 16. dxe5 Nh5 17.
Nc4 f4 18. Nd6 Qe6 19. Nf1 Rb8 20. Be4 Bxe5 21. Nc4 Bxb2 22. Qxb2+ Qf6 23. Qxf6+ Nxf6 24. Bc2 Nd5 25. Rad1 Be6 26. e4 fxg3 27. Nxg3 Nf4 28. Nf5 Rbd8 29. Ncd6 Rd7 30. Kh2 h5 31. Kg3 Ng6 32.
e5 b6 33. Be4 Nb8 34. f4 gxf3 35. Bxf3 Bxf5 36. Nxf5 Rxf5 37. Rxd7 Nxd7 38. e6 Nde5 39.
Bxh5 Rxh5 40. Rd1 Kg7 41. Rd8 Kf6 42. Ra8 Kxe6 43. Rxa7 Rxh4 44. Rb7 b5 45. Rc7 Rd4 0-1

[Event "Early-Titled-Tuesday-Blitz-March-26-2024"]
[Site "Chess.com"]
[Date "2024.03.26"]
[Round "1"]
[White "vladgoncharov"]
[Black "Bada_norovsambuu"]
[Result "1-0"]
[WhiteElo "2619"]
[BlackElo "2235"]
[TimeControl "180+1"]
[EndTime "8:07:10 PDT"]
[Termination "vladgoncharov won by checkmate"]

1. d4 d5 2. c4 c6 3. Nf3 Nf6 4. e3 e6 5. Nc3 Be7 6. Bd3 O-O 7. O-O Nbd7 8. b3 b6 9. Bb2 Bb7 10. Qe2 Rc8 11. Rad1 Qc7 12. Rfe1 Qb8 13. Ne5 Nxe5 14. dxe5 Nd7 15. f4 Rfd8 16. Qg4 Nf8 17. cxd5 cxd5 18. Ne2 a5 19. Nd4 Bb4 20. Rf1 Bc3 21. Bxc3 Rxc3 22. Rf3 Qa8 23. h4 Rdc8 24. h5 Ba6 25. Rg3 g6 26. hxg6 hxg6 27. Bxa6 Qxa6 28. Rh3 Rc1 29. Qh4 Rxd1+ 30. Kh2 Nh7 31. Qxh7+ Kf8 32. Qh8+ Ke7 33. Qf6+ Kd7 34. Qxf7+ Kd8 35. Rh8# 1-0

[Event "Early-Titled-Tuesday-Blitz-March-26-2024"]
[Site "Chess.com"]
[Date "2024.03.26"]
[Round "1"]
[White "1mbl4"]
[Black "Zhani-Z"]
[Result "0-1"]
[WhiteElo "2575"]
[BlackElo "2211"]
[TimeControl "180+1"]
[EndTime "8:07:10 PDT"]
[Termination "Zhani-Z won by resignation"]

1. b3 d5 2. Bb2 Bf5 3. Nf3 e6 4. g3 h6 5. Bg2 Nf6 6. O-O Be7 7. d3 c5 8. Nbd2 Nc6 9. c4 d4 10. a3 O-O 11. Ne1 e5 12. Nc2 Qd7 13. Ne4 Nxe4 14. dxe4 Bh3 15. Ne1 Bxg2 16. Kxg2 f5 17. Qc2 Rf7 18.
exf5 Rxf5 19. Qe4 Na5 20. Nd3 Nxb3 21. Rad1 Bd6 22. Qd5+ Qf7 23. e4 Qxd5 24. cxd5 Rf7 25. f4 Re8 26. fxe5 Bxe5 27. Rxf7 Kxf7 28. Rf1+ Kg8 29.
Rf5 Bc7 30. e5 c4 31. d6 cxd3 32. dxc7 Rc8 33. Rf3 Rxc7 34. Rxd3 Rc2+ 35. Kf3 Rxb2 36. Kf4 Kf7 37. h4 Ke6 38. h5 Rc2 39. Rd1 Rc3 40.
Rb1 d3 41. Rd1 d2 42. Ke4 Rc1 43. Rxd2 Nxd2+ 0-1

[Event "Early-Titled-Tuesday-Blitz-March-26-2024"]
[Site "Chess.com"]
[Date "2024.03.26"]
[Round "1"]
[White "MITerryble"]
[Black "Predator0608"]
[Result "1-0"]
[WhiteElo "3021"]
[BlackElo "2534"]
[TimeControl "180+1"]
[EndTime "8:07:11 PDT"]
[Termination "MITerryble won by resignation"]

1. d4 Nf6 2. Bg5 Ne4 3. Bf4 d5 4. f3 Nf6 5. Nc3 Nc6 6. e3 Nh5 7. Bg5 h6 8. Bh4 g5 9. Bf2 Bg7 10. h4 Nf6 11. hxg5 hxg5 12. Rxh8+ Bxh8 13. Bb5 a6 14. Bxc6+ bxc6 15. Nge2 Rb8 16. Na4 Bg7 17. Qd3 Qd7 18. Ng3 Qd6 19. b3 e5 20. Nf5 Bxf5 21. Qxf5 exd4 22. exd4 g4 23. Nc5 gxf3 24. Qxf3 Nd7 25.
Nd3 Kf8 26. O-O-O Qf6 27. c3 Qxf3 28. gxf3 Bh6+ 29. Kb1 Bg5 30. Bg3 Rc8 31. Nb4 c5 32.
dxc5 Nxc5 33. Rxd5 Ne6 34. Nxa6 Bf6 35. c4 Ke7 36. Nb4 Rg8 37. Nc6+ Ke8 38. Be5 Bg7 39. f4 Bh6 40. f5 Rg1+ 41. Kc2 Rg2+ 42. Kd1 Rg1+ 43.
Ke2 Rg2+ 44. Kf1 Rxa2 45. fxe6 fxe6 46. Rd8+ Kf7 47. Bxc7 Be3 48. Rd3 Bc5 49. b4 Bf8 50.
b5 Rc2 51. b6 1-0

[Event "Early-Titled-Tuesday-Blitz-March-26-2024"]
[Site "Chess.com"]
[Date "2024.03.26"]
[Round "1"]
[White "Rud_Makarian"]
[Black "Switzerlamb"]
[Result "1-0"]
[WhiteElo "3102"]
[BlackElo "2554"]
[TimeControl "180+1"]
[EndTime "8:07:12 PDT"]
[Termination "Rud_Makarian won by resignation"]

1. d4 c5 2. dxc5 e6 3. g3 Bxc5 4. c4 Nf6 5. Bg2 d5 6. Nf3 O-O 7. cxd5 Qxd5 8. O-O Nc6 9. a3 Be7 10. Nc3 Qxd1 11. Rxd1 Rd8 12. Bf4 a6 13. Ne5 Nxe5 14. Bxe5 Kf8 15. Na4 Rxd1+ 16. Rxd1 Nd7 17. Bc7 Ke8 18.
h4 Ra7 19. Bb6 Ra8 20. h5 Bf6 21. b4 Nxb6 22. Nxb6 Rb8 23. Nxc8 Rxc8 24. Bxb7 Rc3 25. a4 Be7 26. Rd4 Rb3 27. Bc6+ Kf8 28. b5 axb5 29. Bxb5 g6 30. hxg6 hxg6 31. Kg2 Rb2 32. Rc4 Ra2 33. Rc8+ Kg7 34. Rc7 Kf8 35. Kf3 Bd6 36.
Rc8+ Kg7 37. Rc6 Bb4 38. Rc7 Kf8 39. Rb7 Bc5 40. Rb8+ Kg7 41. Be8 Ra3+ 42. e3 Kf6 43.
Rb7 Be7 44. Ke4 g5 45. g4 Ra2 46. f4 gxf4 47. exf4 Kg7 48. Rxe7 Kf8 49. Rxf7+ Kxe8 50. Ra7 Re2+ 51. Kd4 1-0

[Event "Early-Titled-Tuesday-Blitz-March-26-2024"]
[Site "Chess.com"]
[Date "2024.03.26"]
[Round "1"]
[White "Andreikka"]
[Black "venturov"]
[Result "1-0"]
[WhiteElo "2957"]
[BlackElo "2522"]
[TimeControl "180+1"]
[EndTime "8:07:12 PDT"]
[Termination "Andreikka won by resignation"]

1. d4 Nf6 2. c4 d6 3. Nc3 Nbd7 4. e4 e5 5. Nf3 g6 6. Be2 Bg7 7. O-O O-O 8. Be3 Re8 9. d5 Nh5 10. Re1 a5 11. Nd2 Nf4 12. Bf1 Nc5 13. Nb3 b6 14. Nxc5 bxc5 15. b3 f5 16. g3 fxe4 17. Nxe4 Bf5 18.
f3 Bxe4 19. fxe4 Nh5 20. a4 Rf8 21. Be2 Nf6 22. Bf3 Qd7 23. Kg2 Rab8 24. Rb1 h5 25. h3 Kh7 26. Qc1 Rf7 27. Bd2 Rbf8 28. Re3 g5 29. Qd1 g4 30. hxg4 Nxg4 31. Rd3 Bh6 32. Bxh6 Kxh6 33. Qd2+ Kg6 34. Rh1 Rf6 35. Rh4 Qf7 36. Qe2 Kg5 37. Rh1 Kg6 38. Rf1 Kg5 39. Qd2+ Kg6 40. Qxa5 Nh2 41. Kxh2 h4 42. Qe1 Qh7 43.
Kg2 Kf7 44. Bg4 Ke7 45. Rxf6 Rxf6 46. Rf3 hxg3 47. Rxf6 Qh2+ 48. Kf3 Kxf6 49. Qxg3 Qh1+ 50. Qg2 Qd1+ 51. Kg3 Qe1+ 52. Qf2+ Qxf2+ 53. Kxf2 1-0

[Event "Early-Titled-Tuesday-Blitz-March-26-2024"]
[Site "Chess.com"]
[Date "2024.03.26"]
[Round "1"]
[White "Donskov_AN"]
[Black "Meri-Arabidze"]
[Result "1-0"]
[WhiteElo "2357"]
[BlackElo "2666"]
[TimeControl "180+1"]
[EndTime "8:07:12 PDT"]
[Termination "Donskov_AN won by checkmate"]

1. e4 e5 2. Nf3 Nc6 3. Nc3 Nf6 4. d4 exd4 5. Nxd4 Bb4 6. Nxc6 bxc6 7. Bd3 d5 8. exd5 cxd5 9. O-O O-O 10. h3 h6 11. Qf3 c6 12. Bf4 Bd6 13. Ne2 Rb8 14. b3 c5 15. Rad1 Bb7 16. Bxd6 Qxd6 17. Qf4 Rbd8 18.
Qxd6 Rxd6 19. Nf4 Rfd8 20. Rfe1 c4 21. Bf1 c3 22. Rd4 Ne4 23. Re3 g5 24. Ne2 f5 25.
Nxc3 f4 26. Red3 Nc5 27. Rd1 Ne6 28. R4d2 a6 29. Ne4 Rb6 30. Nf6+ Kf7 31. Nxd5 Rbd6 32.
c4 Nc7 33. Be2 a5 34. Bf3 Ne6 35. Kf1 Nc5 36. Ke1 Kg7 37. Re2 Kf8 38. Rd4 Ne6 39. Rde4 Nc5 40. Re7 Bc6 41. Kd2 Na6 42. Kc3 Nc5 43.
Rh7 R8d7 44. Rh8+ Kg7 45. Ree8 Ne6 46. Reg8+ Kf7 47. Bh5# 1-0

[Event "Early-Titled-Tuesday-Blitz-March-26-2024"]
[Site "Chess.com"]
[Date "2024.03.26"]
[Round "1"]
[White "Viktor_Poddubnyi"]
[Black "ChristianArca"]
[Result "0-1"]
[WhiteElo "2335"]
[BlackElo "2670"]
[TimeControl "180+1"]
[EndTime "8:07:12 PDT"]
[Termination "ChristianArca won on time"]

1. e4 d6 2. d4 g6 3. c4 Bg7 4. Nc3 Nf6 5. Nf3 O-O 6. Be2 Bg4 7. O-O Nc6 8. d5 Nb8 9. Bg5 Nbd7 10. Re1 c6 11. h3 Bxf3 12. Bxf3 Rc8 13. Be2 a6 14.
Bf1 Re8 15. Qd2 Qa5 16. Rac1 Qb6 17. b3 Qc7 18. f4 Qb8 19. Kh1 Nh5 20. Kh2 Nc5 21. Be2 Nf6 22. Bf3 b5 23. dxc6 bxc4 24. e5 dxe5 25. fxe5 Nd3 26. Kh1 Nxe5 0-1

[Event "Early-Titled-Tuesday-Blitz-March-26-2024"]
[Site "Chess.com"]
[Date "2024.03.26"]
[Round "1"]
[White "Felix-Rose"]
[Black "Statham_01"]
[Result "0-1"]
[WhiteElo "2198"]
[BlackElo "2597"]
[TimeControl "180+1"]
[EndTime "8:07:12 PDT"]
[Termination "Statham_01 won on time"]

1. e4 e5 2. Nf3 Nf6 3. Nxe5 d5 4.
exd5 Qxd5 5. d4 Nc6 6. Nxc6 Qxc6 7. Nc3 Bb4 8. Bd2 O-O 9. Ne2 Bd6 10. Bf4 Bxf4 11.
Nxf4 Re8+ 12. Be2 g5 13. d5 Qc4 14. Ne6 Qxd5 15. Nxc7 Qa5+ 16. Qd2 Qxc7 17. Qxg5+ Kf8 18. Qxf6 Qxc2 19. Qh8+ Ke7 20. Qe5+ Kd8 21. Qf6+ Re7 22. Rd1+ Bd7 23. Rd2 Qc1+ 24. Rd1 Qc6 25. Qh8+ Kc7 26.
Qb8+ Rxb8 0-1

[Event "Early-Titled-Tuesday-Blitz-March-26-2024"]
[Site "Chess.com"]
[Date "2024.03.26"]
[Round "1"]
[White "xiaopang123"]
[Black "noblerone"]
[Result "1-0"]
[WhiteElo "2189"]
[BlackElo "2564"]
[TimeControl "180+1"]
[EndTime "8:07:14 PDT"]
[Termination "xiaopang123 won by checkmate"]

1. d4 d5 2. c4 c6 3. Nf3 Nf6 4. g3 Bf5 5. Nc3 e6 6. Bg2 Nbd7 7. O-O Be7 8. Nh4 Bg6 9. Nxg6 hxg6 10. e4 dxe4 11.
Nxe4 Nxe4 12. Bxe4 Nf6 13. Bg2 Qb6 14. Be3 Qxb2 15.
Rb1 Qa3 16. Rxb7 O-O 17. Bxc6 Rfc8 18. Rxe7 Rxc6 19. Qf3 Rac8 20. c5 Qxa2 21. Bg5 Qd5 22. Qxd5 Nxd5 23. Rxa7 e5 24. Rd7 Nc3 25. dxe5 Rxc5 26.
e6 fxe6 27. Be3 Rd5 28. Re7 Rc6 29. Ra1 Kf8 30. Raa7 Nd1 31. Rf7+ Kg8 32. Rxg7+ Kf8 33. Bh6 Rf5 34. Rgc7+ Ke8 35. Ra8# 1-0

[Event "Early-Titled-Tuesday-Blitz-March-26-2024"]
[Site "Chess.com"]
[Date "2024.03.26"]
[Round "1"]
[White "SharapovEvgeny"]
[Black "jefferyx"]
[Result "1/2-1/2"]
[WhiteElo "2562"]
[BlackElo "3098"]
[TimeControl "180+1"]
[EndTime "8:07:15 PDT"]
[Termination "Game drawn - insufficient material"]

1. e4 c5 2. Nf3 d6 3. d4 cxd4 4. Nxd4 Nf6 5. f3 Nc6 6. c4 e6 7.
Nc3 Be7 8. Be3 O-O 9. Be2 d5 10. cxd5 exd5 11. Nxc6 bxc6 12. exd5 Nxd5 13. Nxd5 cxd5 14.
O-O Bf6 15. Bd4 Re8 16. Rf2 Rb8 17. Bf1 Re1 18. Qxe1 Bxd4 19. Kh1 Bxf2 20. Qxf2 a5 21. Rd1 Be6 22. b3 Rc8 23. Bd3 g6 24. Qd4 Qf8 25. h4 Qb4 26. Qxb4 axb4 27. Kg1 Kg7 28. Kf2 Kf6 29.
Ke3 Ke5 30. f4+ Kd6 31. Kd4 Bg4 32. Ra1 Ra8 33. g3 Bf5 34. Bxf5 gxf5 35. Re1 Rxa2 36. Re5 Rd2+ 37. Ke3 Rg2 38. Rxf5 Rxg3+ 39. Kd4 Rxb3 40. Rxf7 Rb1 41. Rf6+ Ke7 42. Rh6 Rd1+ 43. Ke5 Kd7 44. Rb6 d4 45. Rxb4 d3 46. Ke4 d2 47. Kd3 Ke6 48. Kc2 Rh1 49. Kxd2 Kf5 50. Rb5+ Kxf4 51. Rh5 Kg4 52. Rxh7 Rxh4 53. Rxh4+ Kxh4 1/2-1/2

[Event "Early-Titled-Tuesday-Blitz-March-26-2024"]
[Site "Chess.com"]
[Date "2024.03.26"]
[Round "1"]
[White "DreamsAreFake"]
[Black "norwaytoadog"]
[Result "1-0"]
[WhiteElo "2732"]
[BlackElo "2401"]
[TimeControl "180+1"]
[EndTime "8:07:15 PDT"]
[Termination "DreamsAreFake won on time"]

1. Nf3 Nf6 2. g3 e6 3. Bg2 d5 4. O-O Be7 5. d3 O-O 6. Nbd2 c5 7. e4 Nc6 8. c3 b6 9. Qe2 Ba6 10. Rd1 d4 11. c4 Nb4 12. Ne1 e5 13. f4 Nd7 14.
Ndf3 f6 15. f5 b5 16. cxb5 Bxb5 17. b3 a5 18. a3 Nc6 19. Qc2 a4 20. Nd2 axb3 21.
Qxb3+ Kh8 22. Qxb5 Nb4 23. Bb2 Ra5 24. Qc4 Nb6 25. Qe6 Na6 26. Nc4 Rb5 27. Nxb6 Rxb6 28. Qa2 Qd7 29. Rdb1 Rc8 30. Bf1 c4 31. dxc4 Nc5 32.
Bd3 Rb3 33. Rd1 Rcb8 34. Rab1 Qc6 35. Ba1 Rxb1 36. Rxb1 Rc8 37. Qc2 g6 38. fxg6 hxg6 39. Rb5 f5 40. exf5 e4 41. Bxd4+ Kg8 42. Bf1 gxf5 43.
Ng2 Ra8 44. Qb2 Rd8 45. Ne3 Ne6 46. Nd5 Nxd4 47. Nxe7+ 1-0

[Event "Early-Titled-Tuesday-Blitz-March-26-2024"]
[Site "Chess.com"]
[Date "2024.03.26"]
[Round "1"]
[White "teresin05"]
[Black "GeorgiosSouleidis"]
[Result "0-1"]
[WhiteElo "2276"]
[BlackElo "2628"]
[TimeControl "180+1"]
[EndTime "8:07:15 PDT"]
[Termination "GeorgiosSouleidis won by checkmate"]

1. e4 c5 2. Nf3 e6 3. d4 cxd4 4. Nxd4 Nf6 5. f3 d5 6. exd5 Nxd5 7. Bb5+ Bd7 8. Bxd7+ Nxd7 9. O-O Bd6 10. c4 N5f6 11.
Nxe6 Qb6+ 12. Nd4 O-O 13. Kh1 Rfe8 14. Nc3 Qc5 15. Ndb5 Bb8 16. b3 a6 17. Nd4 Qh5 18. f4 Ng4 19. Nf3 Ndf6 20. h3 Bc7 21. Nd5 Rad8 22. Bb2 Nxd5 23. cxd5 Rxd5 24. Qc1 Ne3 25.
Qxc7 Nxf1 26. Rxf1 Rc5 27. Qd6 Rc2 28. Be5 h6 29.
Qd4 f6 30. Qd5+ Kh8 31. Qxb7 Rec8 32. Bd4 Qg6 33. Bg1 Qxg2# 0-1

[Event "Early-Titled-Tuesday-Blitz-March-26-2024"]
[Site "Chess.com"]
[Date "2024.03.26"]
[Round "1"]
[White "Evandro_Barbosa"]
[Black "ZenBull"]
[Result "1-0"]
[WhiteElo "2624"]
[BlackElo "2271"]
[TimeControl "180+1"]
[EndTime "8:07:15 PDT"]
[Termination "Evandro_Barbosa won by resignation"]

1. e4 c6 2. d4 d5 3. exd5 cxd5 4. c4 e6 5. Nc3 Nf6 6. Nf3 Bb4 7.
cxd5 Nxd5 8. Qc2 O-O 9. Be2 Nc6 10. O-O Nxc3 11. bxc3 Be7 12. Rb1 b6 13. Qe4 Bb7 14. Bd3 g6 15. Bh6 Re8 16. h4 Bf6 17. h5 Rc8 18.
Qf4 Bh8 19. hxg6 hxg6 20. Ng5 Qf6 21. Qg3 Ne7 22. Be4 Bd5 23. Qh3 Nf5 24. Rbe1 Red8 25. Re2 Nxh6 26. Qxh6 Qg7 27. Qh3 Bc4 28. Bd3 Bxd3 29.
Qxd3 Rc7 30. Rfe1 Rdc8 31. Nxe6 fxe6 32. Rxe6 Rxc3 33. Qe4 Rf8 34. Rxg6 Rc7 35. Qe6+ Rcf7 36. d5 Qxg6 37. Qxg6+ Bg7 38. d6 Rf6 39. Qd3 Rd8 40. d7 Rff8 41. Re7 Bf6 42. Qg6+ 1-0

[Event "Early-Titled-Tuesday-Blitz-March-26-2024"]
[Site "Chess.com"]
[Date "2024.03.26"]
[Round "1"]
[White "Coach_Istvanovszki"]
[Black "sergoy"]
[Result "1-0"]
[WhiteElo "2530"]
[BlackElo "2916"]
[TimeControl "180+1"]
[EndTime "8:07:16 PDT"]
[Termination "Coach_Istvanovszki won by checkmate"]

1. d4 Nf6 2. Nc3 d5 3. Bf4 a6 4. e3 c5 5. dxc5 Nc6 6. Nf3 e6 7. Na4 Bxc5 8. Nxc5 Qa5+ 9. c3 Qxc5 10. Bd3 O-O 11. O-O b5 12. a4 Bb7 13. axb5 axb5 14. Ne5 b4 15. Rxa8 Rxa8 16. Qb3 h6 17. Nxc6 Qxc6 18. Qxb4 d4 19. f3 dxc3 20. Qxc3 Qb6 21. Be5 Nd5 22. Qd4 Qxd4 23. Bxd4 f6 24. e4 Nf4 25.
Bc4 Rc8 26. b3 Kf7 27. g3 Ng6 28. Ra1 Rc7 29. Ra7 Ne7 30. Bb6 Rd7 31. Bb5 Rd1+ 32. Kf2 Rd2+ 33. Ke3 Rb2 34. Bc4 Nc6 35. Rxb7+ Kg6 36.
Bxe6 Rxh2 37. Bf5+ Kh5 38. Rxg7 Ne5 39. f4 Rb2 40.
fxe5 Rxb3+ 41. Kd2 Rb2+ 42. Kc3 Rxb6 43. Bg4# 1-0

[Event "Early-Titled-Tuesday-Blitz-March-26-2024"]
[Site "Chess.com"]
[Date "2024.03.26"]
[Round "1"]
[White "AlexTruskavetsky"]
[Black "ChempionBg"]
[Result "1-0"]
[WhiteElo "2690"]
[BlackElo "2359"]
[TimeControl "180+1"]
[EndTime "8:07:17 PDT"]
[Termination "AlexTruskavetsky won by checkmate"]

1. d4 Nf6 2. c4 g6 3. Nc3 Bg7 4. e4 d6 5. f4 O-O 6. Nf3 c5 7. d5 e6 8. Bd3 exd5 9. cxd5 Bg4 10. O-O Nbd7 11. h3 Bxf3 12. Qxf3 Re8 13. Bd2 a6 14. a4 c4 15. Bxc4 Qb6+ 16. Kh2 Qxb2 17. Qe2 Nxe4 18. Nxe4 f5 19. Rab1 Qd4 20. Bd3 fxe4 21. Bc2 Nc5 22. Be3 Qxd5 23. Bxc5 Qxc5 24. Rxb7 Rac8 25. Bb3+ d5 26. Rd7 Kh8 27. Bxd5 e3 28. f5 Rc7 29. Rxc7 Qxc7+ 30. Kh1 Qg3 31. f6 Bf8 32. Qb2 Rd8 33. f7+ Bg7 34. f8=Q+ Rxf8 35. Rxf8# 1-0

[Event "Early-Titled-Tuesday-Blitz-March-26-2024"]
[Site "Chess.com"]
[Date "2024.03.26"]
[Round "1"]
[White "Nf3c5"]
[Black "platy3"]
[Result "1-0"]
[WhiteElo "2541"]
[BlackElo "2959"]
[TimeControl "180+1"]
[EndTime "8:07:18 PDT"]
[Termination "Nf3c5 won by resignation"]

1. e4 c5 2. Nf3 e6 3. d3 Nc6 4. g3 g6 5. Bg5 f6 6. Be3 Bg7 7. Bg2 Nge7 8. O-O b6 9. Nc3 d5 10. exd5 exd5 11. d4 c4 12. Re1 O-O 13. b3 cxb3 14.
axb3 Be6 15. h4 Qd7 16. Qd2 Nf5 17. Bf4 Rfe8 18. Nb5 Bf7 19. Bh3 Bf8 20. Kh2 Rxe1 21. Rxe1 a6 22. Nc3 Rc8 23. Na4 Qd8 24. Bxf5 gxf5 25.
Qd3 Nb4 26. Qxf5 Nxc2 27. Re2 b5 28. Nc5 Nxd4 29. Nxd4 Rxc5 30. Ne6 Bxe6 31. Rxe6 d4 32. Qe4 Qd5 33. Qe1 d3 34. Re8 Kf7 35. Rb8 Rc2 36.
Qe8+ Kg7 37. Qxf8+ Kg6 38. Qh6+ Kf5 39. Qh5+ Ke4 40.
Re8+ Kd4 41. Be3+ 1-0

[Event "Early-Titled-Tuesday-Blitz-March-26-2024"]
[Site "Chess.com"]
[Date "2024.03.26"]
[Round "1"]
[White "Aleksandar-Topalov"]
[Black "Mindhunter08"]
[Result "0-1"]
[WhiteElo "2329"]
[BlackElo "2663"]
[TimeControl "180+1"]
[EndTime "8:07:19 PDT"]
[Termination "Mindhunter08 won on time"]

1. b3 d5 2. Bb2 Bf5 3. Nf3 Nf6 4. g3 h6 5. Bg2 e6 6. O-O Be7 7. d3 O-O 8. Nbd2 Bh7 9. c4 c6 10. a3 a5 11. Bc3 c5 12. Ne5 Nbd7 13. Nxd7 Qxd7 14.
Bxf6 Bxf6 15. Rb1 Rfe8 16. Qc2 Rac8 17. Rfc1 b5 18. cxd5 exd5 19. e4 Bd4 20. Re1 dxe4 21. Nxe4 Re7 22. Kf1 Rce8 23. a4 b4 24. Rbd1 f5 25.
Nd2 Bc3 26. Bf3 Bg6 27. Rxe7 Qxe7 28. Nc4 Qc7 29. Kg2 f4 30. Be4 Bh5 31. f3 fxg3 32.
hxg3 Rf8 33. g4 Bf7 34. Qe2 Re8 0-1

[Event "Early-Titled-Tuesday-Blitz-March-26-2024"]
[Site "Chess.com"]
[Date "2024.03.26"]
[Round "1"]
[White "biostatistician"]
[Black "Kostukov_Alex"]
[Result "1-0"]
[WhiteElo "2626"]
[BlackElo "2277"]
[TimeControl "180+1"]
[EndTime "8:07:19 PDT"]
[Termination "biostatistician won on time"]

1. d4 g6 2. Nf3 Bg7 3. c4 d6 4.
Nc3 e5 5. dxe5 dxe5 6. Qxd8+ Kxd8 7. Bd2 f6 8. O-O-O Nd7 9. g3 Bh6 10. Bh3 c6 11. Bxh6 Nxh6 12. Rxd7+ Bxd7 13. Rd1 Nf5 14. e4 Nd4 15. Nxd4 Bxh3 16. Nxc6+ Kc7 17. Ne7 Raf8 18. f4 Be6 19. b3 Rf7 20. Ned5+ Kb8 21. Kd2 exf4 22.
gxf4 Rd8 23. Ke3 a6 24. h4 h5 25. Rg1 Bg4 26. Kd4 Kc8 27. Nd1 Rg8 28. N1e3 Be6 29. f5 Bxd5 30. Nxd5 g5 31. hxg5 Rxg5 32. Rh1 Kd7 33.
b4 Rg2 34. a4 Rd2+ 35. Ke3 Rc2 36. Kd3 Ra2 37. Rxh5 Kd6 38. a5 1-0

[Event "Early-Titled-Tuesday-Blitz-March-26-2024"]
[Site "Chess.com"]
[Date "2024.03.26"]
[Round "1"]
[White "lacafi"]
[Black "tetrix83"]
[Result "1-0"]
[WhiteElo "2319"]
[BlackElo "2622"]
[TimeControl "180+1"]
[EndTime "8:07:20 PDT"]
[Termination "lacafi won on time"]

1. d4 Nf6 2. Nf3 g6 3. c4 Bg7 4. Nc3 d6 5. e4 O-O 6. Be2 e5 7. dxe5 dxe5 8. O-O Nbd7 9. Qc2 c6 10. Rd1 Qe7 11.
Rb1 a5 12. a3 Nh5 13. b4 axb4 14. axb4 Nf4 15. Bf1 Nf6 16. Be3 Bg4 17. Bc5 Qe6 18.
Ng5 Qc8 19. f3 Bd7 20. g3 N4h5 21. Bxf8 Bxf8 22. g4 Nf4 23. Nh3 Ne6 24. c5 Nd4 25. Qf2 Ra3 26. Rd3 h5 27. Qh4 hxg4 28. Qxf6 gxh3 29. Qxe5 Bg7 30. Qg3 Nc2 31. Nd1 Ra2 32. Nf2 Nd4 33. Rbd1 Qe8 34. Rxd4 Bxd4 35. Rxd4 Ra1 36.
Qd6 1-0

[Event "Early-Titled-Tuesday-Blitz-March-26-2024"]
[Site "Chess.com"]
[Date "2024.03.26"]
[Round "1"]
[White "Eagle_2019"]
[Black "esrosenberg"]
[Result "1-0"]
[WhiteElo "2864"]
[BlackElo "2477"]
[TimeControl "180+1"]
[EndTime "8:07:21 PDT"]
[Termination "Eagle_2019 won by resignation"]

1. d4 d5 2. c4 e6 3. Nf3 Nf6 4. Bg5 Be7 5. e3 h6 6. Bh4 O-O 7. Nc3 Ne4 8. Bxe7 Qxe7 9. Qc2 Nxc3 10. Qxc3 c6 11. Be2 Nd7 12. O-O dxc4 13. Bxc4 Re8 14. Rfd1 b6 15. b4 Bb7 16. a4 Rac8 17. Be2 c5 18.
dxc5 bxc5 19. b5 e5 20. a5 e4 21. Nd2 f5 22. Nc4 f4 23. Nd6 f3 24. Bc4+ Kh8 25. Nf5 Qg5 26. Qxg7+ Qxg7 27. Nxg7 Ne5 28. Nxe8 Rxe8 29.
Bd5 Bxd5 30. Rxd5 c4 31. b6 axb6 32. a6 c3 33. a7 c2 34. Rxe5 Rc8 35. a8=Q c1=Q+ 36.
Rxc1 Rxa8 37. Rxe4 fxg2 38. Kxg2 b5 39. Rc6 Kg7 40.
Re7+ Kf8 41. Rb7 h5 42. Rcc7 Kg8 43. Rxb5 Rf8 44. Rg5+ Kh8 45. Rgg7 Re8 46. Rh7+ Kg8 47. Rcg7+ Kf8 48. Rh8+ Kxg7 49. Rxe8 h4 50. Kh3 Kf7 51.
Re4 Kg6 52. Rxh4 Kg5 53. Rf4 Kg6 54. Kg4 Kh6 55. Rf6+ Kh7 56. Kh5 Kg7 57. Kg5 Kh7 58.
Rf7+ Kg8 59. Kg6 1-0